Map: Deathaura LE

Players

uwuThermal (uThermal)

  • Race: Terran Terran
  • Spawn Location: 11:00

ShoWTimE - Winner!

  • Race: Protoss Protoss
  • League: Master
  • Spawn Location: 5:00

Event: DreamHack SC2 Masters 2020 Winter

VOD

Have the link to the VOD?

Description

Time

  • Played on: Nov. 5, 2020, 1:23 p.m.
  • Length: 18:19

All games in this series

Show
View Real Time Build Order
Export as new Build Order

uwuThermal Terran 

Build Orders: Reaper Expand, Banshee Rush 

Get SALT Encoding   

  12  0:00  SCV  
  13  0:12  SCV  
  14  0:17  Supply Depot  
  14  0:24  SCV  
  15  0:38  SCV  
  15  0:39  Barracks  
  16  0:43  Refinery  
  16  0:50  SCV  
  17  1:02  SCV  
  18  1:14  SCV  
  19  1:26  Reaper, Orbital Command  
  20  1:43  Command Center  
  20  1:53  SCV  
  21  1:57  Supply Depot  
  21  1:58  Marine  
  22  2:05  SCV  
  23  2:11  Factory  
  23  2:19  SCV  
  23  2:21  Barracks Reactor  
  24  2:24  Bunker  
  24  2:31  SCV  
  25  2:38  Refinery  
  25  2:43  SCV  
  26  2:55  SCV, Hellion  
  26  2:57  Orbital Command, Starport  
  29  3:01  Marine  
  29  3:03  Marine  
  31  3:07  SCV  
  32  3:17  Factory Tech Lab  
  32  3:19  SCV, Marine  
  34  3:21  Marine  
  34  3:24  SCV  
  36  3:31  SCV  
  36  3:33  Supply Depot  
  37  3:36  SCV, Marine  
  37  3:38  Marine  
  37  3:40  Factory Tech Lab  
  40  3:41  Banshee  
  40  3:43  SCV  
  44  3:48  SCV, Cloaking Field  
  44  3:54  Marine  
  45  3:55  SCV  
  45  3:56  Marine  
  45  3:57  Supply Depot  
  45  4:01  SCV  
  48  4:07  SCV  
  48  4:09  Siege Tank  
  52  4:12  Marine  
  52  4:13  SCV  
  52  4:14  Marine  
  53  4:20  SCV, Refinery  
  53  4:21  Supply Depot  
  54  4:26  SCV  
  54  4:29  Banshee  
  54  4:31  Marine  
  59  4:32  SCV, Marine  
  59  4:36  Supply Depot  
  59  4:38  SCV  
  62  4:44  SCV  
  63  4:49  Siege Tank  
  63  4:50  SCV, Marine x2  
  69  4:57  SCV  
  69  4:59  Command Center  
  70  5:02  SCV  
  70  5:03  Supply Depot  
  71  5:09  SCV  
  72  5:14  SCV  
  72  5:16  Raven  
  72  5:20  Marine x2  
  72  5:21  SCV  
  78  5:25  Refinery  
  78  5:26  SCV  
  78  5:27  Barracks x2  
  79  5:29  Siege Tank  
  79  5:33  SCV  
  79  5:34  Supply Depot  
  83  5:38  SCV  
  83  5:42  Engineering Bay x2, Marine  
  84  5:44  Marine  
  84  5:48  Supply Depot  
  86  5:55  SCV x2  
  88  6:00  Marine  
  88  6:01  Marine  
  90  6:07  SCV x2, Factory Reactor  
  90  6:09  Terran Infantry Weapons Level 1  
  90  6:10  Starport Reactor, Terran Infantry Armor Level 1  
  92  6:12  Orbital Command  
  92  6:18  Barracks  
  92  6:19  Barracks  
  92  6:20  Marine  
  92  6:22  Marauder  
  92  6:25  Marauder  
  97  6:28  Combat Shield, Stimpack  
  97  6:31  SCV  
  98  6:36  Marine  
  98  6:37  SCV, Orbital Command  
  97  6:42  Marine  
  97  6:43  SCV, Marauder  
  97  6:45  Supply Depot  
  97  6:46  Marauder  
  97  6:47  Widow Mine  
  105  6:50  SCV  
  105  6:51  Widow Mine  
  105  6:53  Supply Depot  
  108  6:54  Medivac  
  108  6:55  Medivac  
  108  6:58  SCV  
  113  7:01  Supply Depot, Marine  
  113  7:02  SCV, Marine  
  113  7:04  SCV  
  113  7:08  Barracks Reactor, Barracks Tech Lab  
  117  7:09  Supply Depot  
  117  7:10  Marine  
  117  7:11  SCV  
  119  7:16  SCV, Armory  
  119  7:17  Marine  
  119  7:18  SCV  
  119  7:20  Widow Mine  
  119  7:22  Widow Mine  
  126  7:26  Missile Turret, Marine x2  
  126  7:28  SCV x2  
  126  7:29  Supply Depot  
  130  7:30  SCV  
  124  7:42  Marine  
  124  7:43  Marauder x2, Widow Mine x2  
  124  7:44  Marine x2  
  105  7:45  Marine  
  105  7:47  SCV  
  104  7:55  Marine  
  104  7:58  Orbital Command  
  99  8:00  Marauder  
  99  8:01  Marine  
  99  8:04  Marauder x2  
  99  8:05  Widow Mine  
  98  8:06  Marine  
  98  8:08  Medivac x2  
  95  8:13  Marine  
  95  8:17  SCV  
  90  8:22  Marauder  
  90  8:24  Marine  
  90  8:25  SCV, Marauder, Marine  
  95  8:28  SCV  
  95  8:32  Marauder  
  95  8:33  SCV  
  99  8:35  Marine  
  99  8:36  Marine  
  99  8:38  SCV  
  104  8:41  Widow Mine  
  104  8:44  Widow Mine  
  104  8:45  Marine  
  104  8:46  SCV  
  104  8:48  Marine  
  109  8:49  SCV  
  109  8:50  SCV  
  109  8:52  Marine x2  
  113  8:58  SCV  
  113  8:59  Marine  
  113  9:01  Missile Turret, Marine  
  113  9:02  SCV  
  117  9:03  SCV  
  117  9:04  Missile Turret  
  117  9:07  Terran Infantry Weapons Level 2  
  118  9:10  Terran Infantry Armor Level 2  
  118  9:12  SCV  
  118  9:13  Marine  
  118  9:14  Marine  
  118  9:16  Marauder  
  123  9:17  SCV  
  123  9:18  SCV  
  123  9:20  Widow Mine  
  123  9:22  Widow Mine  
  123  9:24  Refinery  
  129  9:25  Refinery  
  129  9:29  Missile Turret, Marine  
  129  9:30  Missile Turret, Marine  
  131  9:32  SCV  
  131  9:33  Marine x2  
  131  9:35  Marauder  
  136  9:39  Ghost Academy  
  136  9:40  Marauder  
  136  9:42  Medivac  
  136  9:44  Medivac  
  142  9:47  Marauder  
  142  9:48  Widow Mine  
  142  9:50  Widow Mine  
  148  9:53  Supply Depot, Marine  
  148  9:58  Marine x2  
  148  9:59  Marauder  
  152  10:06  Supply Depot  
  152  10:07  Supply Depot  
  152  10:10  Enhanced Shockwaves  
  152  10:18  Command Center  
  152  10:21  Marauder x2  
  152  10:23  Marine  
  152  10:26  Marine  
  152  10:27  Marauder  
  160  10:30  Supply Depot  
  160  10:32  Viking  
  160  10:35  Viking  
  164  10:46  Ghost x2  
  164  10:47  Ghost, Marine  
  164  10:48  Marine x3  
  174  10:51  Supply Depot  
  174  10:55  Sensor Tower  
  174  10:57  Bunker  
  174  11:05  Medivac x2, Marine  
  174  11:07  Marine x2  
  174  11:09  Supply Depot  
  174  11:10  Marine  
  182  11:15  Marauder x2  
  182  11:16  SCV  
  182  11:18  Marauder  
  189  11:23  Marine  
  189  11:25  Marine  
  191  11:29  Marine, Starport  
  191  11:32  SCV x2  
  193  11:33  SCV  
  193  11:35  Viking  
  193  11:37  Marauder x2  
  199  11:44  SCV  
  200  11:47  Missile Turret  
  200  12:00  Concussive Shells  
  199  12:02  Marine  
  199  12:06  Planetary Fortress  
  195  12:19  Viking  
  195  12:22  Marine x2  
  178  12:23  Marauder x2  
  178  12:26  Marine  
  178  12:27  Marauder  
  178  12:29  Marine  
  156  12:35  Terran Infantry Weapons Level 3, Terran Infantry Armor Level 3  
  145  12:40  Marine x2  
  145  12:44  SCV x2, Terran Ship Weapons Level 1, Marauder x2, Marine  
  149  12:48  Marine  
  149  12:49  Marauder  
  157  12:56  Viking  
  157  12:58  Marine  
  160  13:04  Fusion Core  
  160  13:05  Marine, Barracks x2  
  162  13:06  Command Center, Marauder, Barracks  
  162  13:07  Marine  
  162  13:11  Marine  
  162  13:12  Marauder  
  167  13:19  Viking x2  
  171  13:21  Marine x2  
  173  13:30  Marauder, Marine  
  176  13:37  Marauder, Marine  
  176  13:41  Marauder, Marine x2  
  177  13:52  Marauder  
  177  13:53  Advanced Ballistics  
  179  13:56  Barracks Tech Lab x2  
  179  13:57  Barracks Tech Lab  
  179  13:59  Marauder  
  181  14:03  Marauder  
  181  14:05  Marine x2  
  181  14:06  Marine  
  186  14:13  Marauder  
  187  14:20  Marauder  
  187  14:22  Marauder, Marine  
  187  14:23  Command Center  
  190  14:24  Marauder  
  190  14:30  Viking x2  
  196  14:31  Marine x2  
  196  14:32  Marauder  
  200  14:49  Planetary Fortress  
  200  14:50  Marine  
  196  14:54  Marine  
  196  14:55  Marauder  
  196  14:56  Marauder, Marine  
  196  14:58  Bunker  
  197  15:06  SCV  
  198  15:08  Missile Turret  
  198  15:10  Ghost  
  198  15:20  Marine  
  199  15:26  Marine  
  200  15:30  Sensor Tower  
  200  15:31  Command Center, Terran Ship Weapons Level 2  
  200  15:34  Sensor Tower  
  200  15:35  Command Center  
  200  15:38  Orbital Command  
  200  15:52  Marauder, Marine  
  200  15:56  Marauder, Marine x2  
  193  15:57  Marauder  
  193  16:01  Marine  
  193  16:02  Marauder  
  196  16:10  Marine  
  196  16:11  Marauder  
  198  16:21  Marauder, Marine  
  198  16:22  Marine  
  200  16:37  Hi-Sec Auto Tracking, Neosteel Armor  
  187  16:51  Ghost x3  
  187  16:52  Ghost  
  187  17:02  Ghost  
  187  17:05  Ghost  
  167  17:13  Liberator x2  
  167  17:14  Marine, Liberator  
  139  17:17  Orbital Command  
  139  17:19  Marine x2  
  139  17:20  SCV, Ghost x2  
  139  17:21  SCV  
  145  17:27  Orbital Command  
  145  17:28  Marine  
  146  17:31  Marine x2  
  146  17:32  Marine  
  146  17:36  SCV  
  146  17:37  SCV  
  151  17:41  Marine x2  
  151  17:42  Marauder  
  155  17:50  Marauder, Marine x3  
  155  17:51  Marauder  
  154  17:52  Marine  
  154  17:54  Marine  
Show
View Real Time Build Order
Export as new Build Order

ShoWTimE Protoss - Winner!

Build Orders: 1 Gate Expand, Blink Stalkers 

Get SALT Encoding   

  12  0:00  Probe  
  13  0:12  Probe  
  14  0:17  Pylon  
  14  0:24  Probe (Chrono Boost)  
  15  0:36  Probe (Chrono Boost)  
  15  0:37  Gateway  
  16  0:44  Probe (Chrono Boost)  
  16  0:47  Assimilator  
  17  0:50  Probe  
  18  1:03  Probe  
  19  1:15  Probe  
  20  1:24  Cybernetics Core  
  20  1:34  Nexus  
  20  1:36  Probe  
  21  1:44  Pylon  
  20  1:48  Probe  
  20  1:51  Assimilator  
  21  1:59  Adept (Chrono Boost)  
  21  2:00  Probe  
  22  2:04  Warp Gate  
  24  2:13  Probe  
  25  2:20  Stalker (Chrono Boost)  
  27  2:25  Probe  
  28  2:37  Twilight Council  
  28  2:38  Probe (Chrono Boost)  
  28  2:42  Stalker  
  31  2:46  Probe (Chrono Boost)  
  33  2:55  Probe x2 (Chrono Boost)  
  34  3:00  Probe (Chrono Boost)  
  34  3:01  Probe  
  34  3:04  Gateway  
  36  3:09  Blink (Chrono Boost)  
  36  3:12  Probe  
  37  3:13  Probe  
  38  3:24  Probe  
  38  3:25  Probe  
  40  3:30  Pylon, Robotics Facility  
  40  3:36  Probe  
  40  3:37  Probe  
  42  3:48  Probe  
  42  3:49  Probe  
  42  3:52  Sentry  
  46  3:58  Nexus  
  46  4:00  Probe  
  46  4:01  Probe  
  48  4:04  Pylon  
  48  4:05  Phoenix  
  48  4:11  Assimilator  
  48  4:12  Probe  
  48  4:15  Stalker  
  48  4:16  Probe  
  52  4:18  Observer  
  52  4:20  Pylon  
  53  4:25  Probe, Stalker  
  53  4:28  Probe  
  57  4:34  Pylon  
  57  4:37  Probe  
  58  4:39  Stalker  
  58  4:41  Probe  
  61  4:48  Stalker  
  61  4:49  Probe  
  64  4:53  Probe  
  64  4:59  Shield Battery  
  65  5:00  Observer  
  65  5:02  Stalker  
  65  5:06  Pylon  
  68  5:07  Probe x2  
  69  5:15  Charge (Chrono Boost)  
  69  5:23  Pylon  
  69  5:24  Stalker  
  69  5:25  Stalker  
  69  5:27  Shield Battery  
  73  5:31  Gateway  
  73  5:33  Gateway  
  73  5:35  Gateway  
  73  5:38  Gateway  
  73  5:44  Gateway  
  73  5:45  Gateway  
  73  5:46  Probe x2  
  73  5:47  Probe  
  76  5:51  Observer (Chrono Boost)  
  76  5:54  Stalker  
  78  5:58  Probe x2  
  78  5:59  Probe  
  78  6:01  Forge  
  81  6:09  Warp Prism (Chrono Boost)  
  81  6:10  Probe  
  81  6:11  Probe x2  
  86  6:13  Pylon  
  86  6:14  Sentry  
  86  6:18  Sentry  
  90  6:25  Pylon  
  90  6:27  Assimilator  
  90  6:30  Assimilator  
  90  6:31  Zealot  
  90  6:32  Zealot x2  
  96  6:36  Protoss Ground Armor Level 1 (Chrono Boost)  
  96  6:37  Zealot x2  
  99  6:43  Zealot x3  
  105  6:53  Zealot x3  
  105  6:54  Pylon  
  111  7:02  Zealot x2  
  111  7:03  Zealot x3  
  111  7:07  Pylon  
  121  7:21  Zealot x3  
  121  7:22  Zealot  
  129  7:23  Zealot  
  129  7:25  Zealot x3  
  129  7:27  Pylon  
  121  7:43  Zealot x3  
  121  7:44  Zealot x2  
  111  7:47  Stalker x3  
  103  8:04  Zealot x3  
  103  8:05  Zealot x2  
  105  8:10  Zealot  
  97  8:16  Probe x2  
  87  8:23  Immortal (Chrono Boost)  
  87  8:26  Zealot x7  
  104  8:29  Probe x3  
  107  8:36  Templar Archives, Protoss Ground Weapons Level 1 (Chrono Boost)  
  107  8:41  Zealot  
  109  8:50  Sentry  
  109  8:51  Zealot x3  
  109  8:52  Zealot  
  109  8:55  Pylon  
  119  8:56  Probe x3  
  119  8:57  Immortal (Chrono Boost)  
  119  9:01  Psionic Storm  
  126  9:04  Assimilator  
  126  9:08  Probe  
  126  9:09  Nexus  
  127  9:12  Observer  
  127  9:15  High Templar  
  127  9:16  High Templar  
  131  9:19  High Templar x2  
  131  9:20  High Templar  
  131  9:24  Zealot  
  139  9:26  Zealot  
  139  9:29  Zealot  
  143  9:36  Forge  
  143  9:39  Probe x2  
  143  9:40  Probe  
  143  9:45  Robotics Bay  
  146  9:47  Robotics Facility  
  146  9:54  Zealot  
  146  9:56  High Templar x2  
  146  9:59  Zealot x2  
  156  10:02  Observer  
  156  10:05  Protoss Ground Armor Level 2 (Chrono Boost)  
  154  10:07  Pylon  
  154  10:09  Pylon  
  154  10:10  Pylon  
  154  10:12  Probe x2  
  154  10:13  Probe  
  157  10:22  Pylon  
  157  10:25  Protoss Ground Weapons Level 2 (Chrono Boost)  
  157  10:31  Colossus (Chrono Boost)  
  163  10:35  Colossus (Chrono Boost)  
  169  10:45  Probe x3  
  169  10:46  Probe  
  92  10:50  Extended Thermal Lance (Chrono Boost), Photon Cannon  
  171  10:52  Shield Battery  
  171  10:54  Pylon  
  171  10:57  Probe x2, Assimilator  
  171  10:58  Probe x2  
  171  11:02  Assimilator  
  175  11:09  Probe x2  
  175  11:10  Probe x2  
  179  11:11  Photon Cannon  
  179  11:12  Photon Cannon  
  179  11:13  Photon Cannon  
  179  11:18  Colossus  
  185  11:20  Colossus  
  185  11:21  Probe  
  192  11:31  Dark Shrine  
  192  11:33  Pylon  
  192  11:35  Photon Cannon  
  192  11:37  Photon Cannon  
  192  11:48  High Templar  
  192  11:49  High Templar  
  192  11:51  Nexus  
  192  11:53  Pylon, Archon  
  194  12:00  High Templar x2  
  194  12:01  Zealot x3  
  194  12:04  Archon  
  184  12:16  Zealot  
  184  12:22  Zealot x5  
  134  12:32  Observer  
  134  12:35  Probe  
  134  12:36  Disruptor x2 (Chrono Boost)  
  125  12:39  Protoss Ground Weapons Level 3 (Chrono Boost)  
  125  12:43  High Templar x3  
  125  12:44  Zealot x5  
  135  12:49  Protoss Ground Armor Level 3 (Chrono Boost)  
  135  12:50  Gateway  
  139  12:55  Archon, Gateway  
  139  13:01  Disruptor x2 (Chrono Boost)  
  139  13:05  Shield Battery  
  145  13:07  Zealot  
  145  13:08  Zealot x4  
  145  13:10  Shadow Stride (Chrono Boost)  
  145  13:11  Probe  
  145  13:12  Probe x3  
  158  13:18  Sentry, Zealot x2  
  164  13:22  Photon Cannon  
  164  13:24  Photon Cannon  
  164  13:25  Shield Battery  
  164  13:27  Disruptor x2 (Chrono Boost)  
  164  13:32  Stalker x5  
  180  13:39  Zealot x2  
  184  13:49  Dark Templar x3  
  184  13:54  Probe x2, Gateway x2  
  192  13:55  Warp Prism  
  194  14:04  Dark Templar x3  
  200  14:12  Pylon  
  200  14:28  Gateway  
  200  14:29  Gateway  
  200  14:32  Gateway  
  200  14:43  Nexus  
  200  14:44  Pylon  
  200  14:50  Assimilator  
  200  14:52  Assimilator  
  186  15:02  Pylon  
  186  15:07  Dark Templar x7  
  200  15:16  Protoss Shields Level 1  
  200  15:17  Gateway  
  200  15:20  Gateway  
  200  15:22  Gateway  
  200  15:26  Observer  
  200  15:41  Photon Cannon  
  200  15:43  Photon Cannon  
  200  15:46  Photon Cannon  
  200  15:47  Shield Battery, Photon Cannon  
  200  15:48  Shield Battery  
  200  15:50  Photon Cannon  
  200  15:52  Shield Battery  
  200  15:54  Shield Battery  
  186  15:58  Assimilator  
  186  16:00  Dark Templar x3  
  186  16:01  Assimilator, Dark Templar x7  
  196  16:17  Disruptor  
  199  16:23  Dark Templar x2  
  197  16:43  Gateway x2  
  193  16:50  Stalker x5, Zealot x2  
  193  16:51  Zealot x4  
  195  16:54  Zealot x2  
  189  17:11  Zealot x6  
  193  17:29  Photon Cannon  
  193  17:31  Photon Cannon  
  193  17:32  Nexus, Dark Templar x3  
  193  17:33  Photon Cannon  
  193  17:34  Pylon  
  193  17:35  Shield Battery  
  191  17:49  Zealot x3  
  191  17:50  Zealot x5  
  185  18:10  Dark Templar x2  
  185  18:11  Dark Templar x7  
Tags
 
Add a new tag
Caveats
  • Supply blocks, unpowered buildings, or Contaminate may cause inaccurate times.
  • Supply counts are checked every 10 seconds.